[Event "*** SCC Grand Prix: Titled Tuesday Blitz"]
[Site "Chess.com"]
[Date "2020.07.14"]
[Round "6"]
[White "stolencandy13"]
[Black "kasparicy"]
[Result "0-1"]
[WhiteElo "2425"]
[BlackElo "2313"]
[TimeControl "180+1"]
[EndTime "11:08:56 PDT"]
[Termination "kasparicy won by checkmate"]

1. e4 c5 2. Nf3 d6 3. d4 cxd4 4. Nxd4 Nf6 5. Nc3 a6 6. h3 e6 7. g4 b5 8. Bg2 Bb7 9. O-O Nfd7 10. Re1 Be7 11. Be3 Qc7 12. Qd2 O-O 13. Rad1 Nb6 14. b3 N8d7 15. Ndxb5 axb5 16. Nxb5 Qc6 17. Nxd6 Rxa2 18.
Nxb7 Qxb7 19. Rc1 Qc7 20. Bf4 e5 21. Be3 Rc8 22. Re2 h6 23. Qd3 Bc5 24. c4 Rxe2 25. Qxe2 Bxe3 26. Qxe3 Nc5 27. b4 Ne6 28. c5 Nf4 29.
Bf1 Nd7 30. Qc3 Rb8 31. b5 Nf6 32. Qc4 h5 33. g5 Nh7 34. h4 Kh8 35. b6 Qc6 36.
Rd1 f6 37. Rd6 Qc8 38. gxf6 Nxf6 39. Qc3 Qg4+ 40. Qg3 Ne2+ 41. Bxe2 Qxe2 42. Re6 Ng4 43. Rxe5 Rd8 44. Rxh5+ Kg8 45. Rd5 Ra8 46. Rf5 Ra1+ 47.
Kg2 Qxe4+ 48. Rf3 Ne5 49. b7 Rg1+ 50. Kxg1 Nxf3+ 51. Kg2 Ne1+ 52. Kh2 Nf3+ 53. Kh3 Qxb7 54.
c6 Qxc6 55. Qb8+ Kh7 56. Qf4 Qe6+ 57. Kg3 Ne5 58. Qe4+ g6 59. Qf4 Nf7 60. f3 Nh6 61. Qg5 Nf5+ 62. Kg2 Qe2+ 63. Kg1 Qxf3 64. h5 Qxh5 65. Qf6 Qg4+ 66. Kf1 Qf3+ 67. Ke1 Qe3+ 68. Kd1 Qd4+ 69. Qxd4 Nxd4 70. Ke1 Kh6 71. Kf2 Kh5 72. Kg3 Kg5 73. Kh3 Kf4 74. Kg2 Kg4 75. Kf2 Kh3 76. Kg1 g5 77. Kh1 g4 78. Kg1 Kg3 79.
Kh1 Kh3 80. Kg1 g3 81. Kh1 g2+ 82. Kg1 Nf3+ 83. Kf2 g1=Q+ 84. Kxf3 Qf1+ 85. Ke4 Qb5 86. Kd4 Kg4 87. Ke3 Qc4 88. Kd2 Qb3 89. Ke2 Kf4 90. Kd2 Ke4 91. Ke2 Qc2+ 92. Ke1 Kf3 93. Kf1 Qd1# 0-1

[Event "*** SCC Grand Prix: Titled Tuesday Blitz"]
[Site "Chess.com"]
[Date "2020.07.14"]
[Round "6"]
[White "Kopytkin"]
[Black "hongnhung1234"]
[Result "1/2-1/2"]
[WhiteElo "2449"]
[BlackElo "2258"]
[TimeControl "180+1"]
[EndTime "11:08:57 PDT"]
[Termination "Game drawn by stalemate"]

1. e4 c5 2. d4 cxd4 3. c3 Nf6 4.
e5 Nd5 5. Nf3 e6 6. cxd4 Nc6 7.
Bd3 d6 8. O-O dxe5 9. dxe5 Ndb4 10. Be4 Qxd1 11. Rxd1 Na6 12. Nc3 Nc5 13. Nb5 Rb8 14. Nc7+ Ke7 15. Bc2 f6 16. Be3 Kf7 17. Rac1 b6 18. Nb5 Ba6 19. Nd6+ Bxd6 20. Rxd6 Nxe5 21.
Nxe5+ fxe5 22. b4 Nb7 23. Rd7+ Kf6 24. g4 h6 25. Be4 Rhd8 26. Rcc7 Nd6 27. Bb1 Rxd7 28.
Rxd7 Nc4 29. Rxa7 Nxe3 30. fxe3 Be2 31. h3 h5 32. Kf2 Bd1 33. gxh5 Bxh5 34. Be4 Be8 35.
a4 Rd8 36. a5 bxa5 37. bxa5 Bb5 38. Rb7 Ba6 39. Rb6 Bc4 40. a6 Rd2+ 41. Ke1 Re2+ 42.
Kd1 Rxe3 43. Bb7 Rd3+ 44. Kc2 Rxh3 45. Rb4 Bd3+ 46. Kd2 Bf1 47. Ra4 Bb5 48. Ra5 Bxa6 49. Rxa6 Rh2+ 50. Ke3 Kf5 51. Be4+ Kf6 52. Bd5 Rh3+ 53. Kf2 Kg5 54. Bxe6 Rh2+ 55. Kg3 Rb2 56. Bg4 Rb3+ 57. Bf3 e4 58. Ra5+ Kh6 59. Ra6+ g6 60. Kf4 exf3 61. Kg3 Kh5 62. Ra5+ g5 63. Rc5 Rd3 64. Re5 Kg6 65. Ra5 Kf6 66. Ra6+ Kf5 67.
Ra5+ Ke4 68. Ra4+ Rd4 69. Rxd4+ Kxd4 70. Kxf3 Ke5 71. Kg4 Kf6 72. Kg3 Kf5 73. Kf3 g4+ 74. Kg3 Kg5 75. Kg2 Kf4 76. Kf2 g3+ 77. Kg2 Kg4 78. Kg1 Kf3 79. Kf1 Ke3 80. Kg2 Kf4 81. Kg1 Kf3 82. Kf1 g2+ 83. Kg1 Kg3 1/2-1/2

[Event "*** SCC Grand Prix: Titled Tuesday Blitz"]
[Site "Chess.com"]
[Date "2020.07.14"]
[Round "6"]
[White "Aronyak1"]
[Black "GHANDEEVAM2003"]
[Result "1/2-1/2"]
[WhiteElo "2763"]
[BlackElo "3012"]
[TimeControl "180+1"]
[EndTime "11:09:02 PDT"]
[Termination "Game drawn - insufficient material"]

1. c4 e6 2. Nc3 d5 3. e3 Nf6 4. Nf3 c6 5. b3 Bd6 6. Bb2 O-O 7. d4 Nbd7 8. Be2 b6 9. O-O Bb7 10. Qc2 Qe7 11. Rad1 Rad8 12. e4 Nxe4 13. Nxe4 dxe4 14. Qxe4 f5 15. Qc2 c5 16. Rfe1 cxd4 17. Nxd4 Nc5 18.
Bf3 Be4 19. Bxe4 fxe4 20. Nc6 Bxh2+ 21. Kxh2 Qc7+ 22. Ne5 Nd3 23. Qc3 Rxf2 24. Rxe4 Nxb2 25. Rxd8+ Qxd8 26. Qd4 Qf6 27. Ng4 Qxd4 28. Rxd4 Re2 29. Kg3 h5 30. Kf3 Rc2 31. Ne3 Rc3 32. Ke2 Rc1 33.
Kd2 Ra1 34. Kc3 Rxa2 35. Rd2 Na4+ 36. bxa4 Ra3+ 37. Kd4 Rxa4 38. Ke4 Kf7 39. Ke5 Ra5+ 40. Kd6 Ra3 41. Rf2+ Kg6 42. Nc2 Rc3 43. Nd4 Rxc4 44. Nxe6 h4 45. Nf4+ Kg5 46. Ne6+ Kh6 47. Rf7 Rg4 48. Rf2 a5 49. Ke5 b5 50. Kf5 Rc4 51. Rd2 b4 52. Rd8 g6+ 53. Kf6 Kh5 54. Rd5+ Kh6 55.
Rxa5 Rc1 56. Ra8 Rf1+ 57. Ke5 Kh5 58. Rb8 Rf2 59. Rxb4 g5 60. Rb5 Rxg2 61. Kf6 Rf2+ 62. Kg7 h3 63. Nxg5 Rg2 64. Kf6 Rf2+ 65. Kg7 Rg2 66.
Kf6 h2 67. Nf3+ Kg4 68. Nxh2+ Rxh2 69. Rg5+ Kf3 70. Rb5 Kg3 71. Kf5 Kg2 72. Rb2+ Kg3 73. Rxh2 Kxh2 1/2-1/2

[Event "*** SCC Grand Prix: Titled Tuesday Blitz"]
[Site "Chess.com"]
[Date "2020.07.14"]
[Round "6"]
[White "Nathan_Filgueiras"]
[Black "Chessbard1972"]
[Result "1-0"]
[WhiteElo "2416"]
[BlackElo "2257"]
[TimeControl "180+1"]
[EndTime "11:09:09 PDT"]
[Termination "Nathan_Filgueiras won by checkmate"]

1. e4 c5 2. Nf3 a6 3. Nc3 e6 4.
d4 cxd4 5. Nxd4 Nc6 6. Be3 Qc7 7. Be2 Nf6 8. O-O Bb4 9. Nxc6 bxc6 10. f4 Bxc3 11.
bxc3 Nxe4 12. Bd3 Nxc3 13. Qg4 Nd5 14. Qxg7 Rf8 15. Bd4 c5 16. Bb2 Bb7 17. Rae1 O-O-O 18. c4 Nb4 19. Be4 f5 20. Bxb7+ Qxb7 21. Re2 Rg8 22.
Qe7 Qc6 23. a3 Nd3 24. Bc3 Rde8 25. Qxh7 Rh8 26. Qg7 Reg8 27. Qe7 Rh6 28. Qf7 Rhg6 29. g3 Qc7 30. Be5 Nxe5 31. Rxe5 d6 32. Qxc7+ Kxc7 33. Re3 Rb8 34. Rfe1 Kd7 35. Rd1 Rb6 36. Red3 a5 37. Kg2 Kc7 38. Kf3 Rg8 39. h4 Rh8 40. R1d2 a4 41. Re2 Kd7 42. Rde3 Rb3 43. Rxb3 axb3 44. Rb2 Rb8 45. g4 Kc6 46. g5 Kd7 47. h5 Ke7 48. h6 Kf7 49. Ke3 Kg6 50. Kd3 Rb7 51. Kc3 d5 52. cxd5 exd5 53. Rxb3 d4+ 54. Kc4 Re7 55.
Rb6+ Kh7 56. Rd6 Re4 57. Kxc5 Rxf4 58. Rxd4 Rf1 59. Rd7+ Kg6 60. Rg7+ Kh5 61. h7 Kg4 62. h8=Q Rg1 63. Qc8 Rc1+ 64. Kd6 Rxc8 65. a4 Ra8 66. Ke5 Rxa4 67. Rd7 Ra5+ 68. Rd5 f4 69. Rxa5 f3 70.
Ke4 f2 71. Ra1 f1=Q 72. Rxf1 Kxg5 73. Rg1+ Kf6 74. Rg4 Ke6 75. Rg6+ Kd7 76. Kf5 Kc7 77. Rf6 Kb7 78. Re6 Ka7 79. Ke5 Kb7 80. Kd5 Kc7 81. Rd6 Kb7 82. Kc5 Ka7 83. Rb6 Ka8 84. Kc6 Ka7 85. Kc7 Ka8 86. Ra6# 1-0

[Event "*** SCC Grand Prix: Titled Tuesday Blitz"]
[Site "Chess.com"]
[Date "2020.07.14"]
[Round "6"]
[White "1f3_2g41-0"]
[Black "JoliyRoger"]
[Result "1/2-1/2"]
[WhiteElo "2399"]
[BlackElo "2273"]
[TimeControl "180+1"]
[EndTime "11:09:09 PDT"]
[Termination "Game drawn by stalemate"]

1. e4 c6 2. d4 d5 3. e5 Bf5 4.
h4 Qb6 5. g4 Bd7 6. c3 e6 7.
Bd3 c5 8. Ne2 Nc6 9. Bc2 h5 10.
g5 g6 11. Qd3 cxd4 12. Nxd4 Nxe5 13. Qe2 Bg7 14. Bf4 Nc6 15. Nb5 e5 16. Nd6+ Kf8 17.
Be3 Qc7 18. Bc5 Nge7 19. Qf3 Be6 20. Bxg6 Nd8 21. Ba3 Kg8 22. Bc2 a6 23. Ne8 Qd7 24. Nxg7 Kxg7 25. Qf6+ Kg8 26. Bxe7 Nc6 27. Ba3 e4 28. g6 Re8 29. gxf7+ Qxf7 30. Rg1+ Bg4 31. Qg5+ Qg7 32. Qxd5+ Qf7 33. Qg5+ Qg7 34. Bb3+ Kh7 35.
Qxg7+ Kxg7 36. Nd2 Ne5 37. Bd1 Nd3+ 38. Kf1 Rhf8 39. Rg2 Kh8 40. Bxg4 hxg4 41. Bxf8 Rxf8 42. Nxe4 Nxb2 43. Rxg4 b5 44. Rb1 Nc4 45. Rd1 Ne3+ 46. Ke2 Nxg4 47. Rd6 Ne5 48. Rxa6 Re8 49. f3 Nc4 50.
Rh6+ Kg7 51. Rh5 Ra8 52. Rxb5 Rxa2+ 53. Kd3 Nb2+ 54. Ke3 Nd1+ 55. Kf4 Rc2 56. Rg5+ Kf7 57. Rg1 Nxc3 58. Nxc3 Rxc3 59. Re1 Rc4+ 60. Re4 Rc1 61. h5 Rh1 62. Kg5 Rg1+ 63. Rg4 Rf1 64. f4 Kg7 65. f5 Kh7 66. Kf6 Ra1 67. Rg6 Ra6+ 68. Kg5 Ra1 69. f6 Ra5+ 70. Kg4 Ra4+ 71. Kf5 Ra5+ 72. Kg4 Ra4+ 73. Kg5 Ra5+ 74. Kh4 Ra4+ 75.
Rg4 Ra6 76. Rf4 Kg8 77. Kg5 Kf7 78. h6 Ra5+ 79. Rf5 Ra1 80. Re5 Rg1+ 81. Kf4 Kxf6 82. h7 Rf1+ 83. Kg4 Kg7 84. Re7+ Kh8 85. Kg5 Rg1+ 86.
Kh6 Rg6+ 87. Kxg6 1/2-1/2

[Event "*** SCC Grand Prix: Titled Tuesday Blitz"]
[Site "Chess.com"]
[Date "2020.07.14"]
[Round "6"]
[White "turayev_shahruh17"]
[Black "Chernobay_Artem"]
[Result "0-1"]
[WhiteElo "2462"]
[BlackElo "2629"]
[TimeControl "180+1"]
[EndTime "11:09:12 PDT"]
[Termination "Chernobay_Artem won by checkmate"]

1. d4 Nf6 2. c4 g6 3. g3 Bg7 4. Bg2 O-O 5. Nc3 d6 6. Nf3 Nbd7 7. O-O e5 8. e4 c6 9. h3 Re8 10. Be3 a5 11. Qc2 exd4 12. Nxd4 Nc5 13. Rad1 Qe7 14. f3 a4 15. Kh2 Nfd7 16. b4 axb3 17. axb3 h5 18.
h4 Ne5 19. b4 Nxc4 20. Bg5 f6 21. Bc1 Ne6 22. Qb3 Ne5 23. b5 Kh7 24. Be3 Nxd4 25.
Bxd4 f5 26. exf5 Bxf5 27. Rfe1 Qf7 28. Qxf7 Nxf7 29. Bxg7 Kxg7 30. bxc6 bxc6 31. g4 hxg4 32. fxg4 Bxg4 33. Bxc6 Rxe1 34. Rxe1 Rc8 35. Bd5 Rxc3 36. Re7 Rf3 37. Bxf3 Bxf3 38. Kg3 Bc6 39. Kf4 Kf6 40. Rc7 Bd5 41. Ra7 Be6 42. Ra1 Nh6 43. Rd1 Nf5 44.
Rd2 d5 45. Rh2 Nxh4 46. Ra2 g5+ 47. Kg3 Nf5+ 48. Kg4 d4 49. Ra8 Ke5 50. Rd8 Nd6+ 51. Kxg5 d3 52. Rh8 d2 53. Rh1 Bb3 54. Kg4 d1=Q+ 55.
Rxd1 Bxd1+ 56. Kg3 Ke4 57. Kf2 Nc4 58. Kg3 Ne5 59.
Kh4 Kf4 60. Kh3 Ng4 61. Kh4 Bc2 62. Kh5 Bd3 63. Kh4 Bg6 64. Kh3 Ne3 65. Kh4 Ng2+ 66.
Kh3 Kf3 67. Kh2 Kf2 68. Kh3 Bf5+ 69. Kh2 Ne3 70. Kh1 Be6 71. Kh2 Nf1+ 72. Kh1 Bd5# 0-1

[Event "*** SCC Grand Prix: Titled Tuesday Blitz"]
[Site "Chess.com"]
[Date "2020.07.14"]
[Round "6"]
[White "Andrei_Belozerov"]
[Black "Agent-JL"]
[Result "1-0"]
[WhiteElo "2569"]
[BlackElo "2414"]
[TimeControl "180+1"]
[EndTime "11:09:12 PDT"]
[Termination "Andrei_Belozerov won by resignation"]

1. e4 c5 2. Nf3 e6 3. d4 cxd4 4. Nxd4 Nc6 5. Nc3 Qc7 6. Be3 a6 7. Qd2 b5 8. O-O-O Bb7 9. f3 Nf6 10. g4 d6 11. g5 Nd7 12. h4 Nce5 13. f4 Nc4 14. Bxc4 Qxc4 15. f5 e5 16. b3 Qc7 17.
Nde2 Rc8 18. Ng3 b4 19. Nd5 Bxd5 20. exd5 Qa5 21. Kb1 Be7 22. Ne4 f6 23. Qg2 Qb5 24. gxf6 Nxf6 25. Ng5 Rg8 26. Ne6 g6 27. fxg6 Rxg6 28. Qf3 h5 29. Bg5 Nxd5 30. Rxd5 Qc6 31. Qf5 Qxd5 32. Qxg6+ Kd7 33. Re1 Qxe6 34. Qxh5 Rg8 35.
Qe2 Bxg5 36. hxg5 Rxg5 37. Qxa6 Qd5 38. Qa4+ Ke6 39. Qxb4 Rg2 40. a4 Qd2 41. Qxd2 Rxd2 42. a5 Kd5 43. Kb2 Kc5 44. Kc3 Rg2 45. Rd1 Rg3+ 46.
Kb2 d5 47. a6 d4 48. a7 Rg8 49. Ra1 Ra8 50. Ra5+ Kb6 51. Rxe5 Rxa7 52. Rd5 Kc6 53.
Rxd4 Kc5 54. Rc4+ Kb5 55. Rh4 Rg7 56. Rh5+ Kc6 57. c4 Rg3 58. Ka3 Kd6 59. Kb4 Kc6 60. Rh6+ Kc7 61. c5 Rg4+ 62. Kb5 Rg7 63. b4 Kb7 64.
Rb6+ Kc7 65. Ra6 Rg1 66. Ra7+ Kb8 67. Rh7 Rg6 68. c6 Kc8 69. Kb6 Kd8 70. Rh8+ Ke7 71.
Kb7 Kd6 72. c7 Rg7 73. Rd8+ Ke6 74. Kb8 Re7 75. c8=Q+ Kf7 76. Rf8+ Kg7 77. Qg4+ Kxf8 78.
Qf5+ Ke8 79. Qc5 Rd7 80. b5 Rd8+ 81. Qc8 Ke7 82. Qxd8+ Kxd8 83. b6 Kd7 84. b7 Kc6 85. Ka7 1-0

[Event "*** SCC Grand Prix: Titled Tuesday Blitz"]
[Site "Chess.com"]
[Date "2020.07.14"]
[Round "6"]
[White "ChainsOfFantasia"]
[Black "Rodalquilar"]
[Result "0-1"]
[WhiteElo "2462"]
[BlackElo "2640"]
[TimeControl "180+1"]
[EndTime "11:09:13 PDT"]
[Termination "Rodalquilar won by resignation"]

1. c4 e6 2. Nc3 d5 3. d4 a6 4. cxd5 exd5 5. Bf4 Nf6 6. e3 Bd6 7. Bxd6 Qxd6 8. Nf3 O-O 9. Be2 Bf5 10. O-O Nbd7 11.
Rc1 c6 12. a3 a5 13. Na4 Ne4 14. Nd2 Qg6 15. Nxe4 dxe4 16. Re1 Nf6 17. Nb6 Rad8 18. Nc4 Bh3 19. Bf1 Rd5 20. Ne5 Qg5 21. f4 exf3 22.
Nxf3 Qg6 23. Ne5 Qg5 24. Nf3 Qg4 25. Ne5 Qxd1 26. Rexd1 Bg4 27. Rd2 Ne4 28. Rdc2 Be6 29. Bc4 Rd6 30. Bd3 Bd5 31. g3 Rdd8 32. Bxe4 Bxe4 33. Rc5 Ra8 34. Nd7 Rfd8 35. Nb6 Ra6 36. Nc4 b6 37. Re5 Bd5 38. Nd2 Kf8 39. e4 f6 40. Rf5 Be6 41. Rf2 b5 42. Nf3 a4 43.
Kg2 Bc4 44. Rd2 Ra7 45. Kf2 Rad7 46. Ke3 Ke7 47. Rcd1 Bb3 48. Rc1 Bc4 49. Rcd1 Ke6 50. h4 g6 51. g4 h6 52. g5 hxg5 53. hxg5 Rh8 54. gxf6 Kxf6 55. Rf2 Rh3 56. Kd2 Kg7 57. Kc1 Bb3 58. Rdd2 Rf7 59. Rde2 Rhxf3 60. Rxf3 Rxf3 61. Kd2 Rf4 62. Ke3 g5 63. Re1 Bc4 64. Rc1 Kg6 65.
Rg1 Rh4 66. Rg2 Rh3+ 67. Kd2 Rd3+ 68. Kc2 Rxd4 69. Rg4 Bd3+ 70. Kc3 Rxe4 71. Rg1 Bc4 72. Rd1 Re3+ 73. Kb4 Rd3 74. Re1 Rd5 75. Re7 Kf5 76. Rc7 c5+ 77. Kc3 Rd3+ 78. Kc2 Rd5 79. b4 cxb4 80.
axb4 g4 81. Kc3 g3 82. Rf7+ Kg4 83. Rg7+ Rg5 84. Re7 g2 85. Re1 Kh3 86. Rg1 Kh2 0-1

[Event "*** SCC Grand Prix: Titled Tuesday Blitz"]
[Site "Chess.com"]
[Date "2020.07.14"]
[Round "6"]
[White "Hikaru"]
[Black "Legendinunknown"]
[Result "1/2-1/2"]
[WhiteElo "3187"]
[BlackElo "2601"]
[TimeControl "180+1"]
[EndTime "11:09:18 PDT"]
[Termination "Game drawn by repetition"]

1. Nf3 Nf6 2. b3 g6 3. Bb2 Bg7 4. d4 O-O 5. e3 d5 6. c4 c6 7. Bd3 Nbd7 8. Nc3 b6 9. O-O Bb7 10. cxd5 cxd5 11. Qe2 Ne4 12. Ba6 Nxc3 13. Bxc3 Qc8 14.
Bxb7 Qxb7 15. Bb4 Rfe8 16. a4 a5 17. Ba3 e5 18. Qb5 exd4 19. Nxd4 Bxd4 20. exd4 Re4 21. Rfd1 Rae8 22. Rac1 Nf8 23. h3 g5 24. Bd6 Qd7 25.
Qxd5 R4e6 26. Rc6 Rd8 27. Rxb6 Rxd6 28. Rxd6 Qxd6 29. Qxg5+ Ng6 30. Qxa5 Rb8 31. Qc3 Qd5 32. b4 Re8 33. b5 Kh8 34. Qf3 Qc4 35. Rb1 Qa2 36. Rc1 Qxa4 37. Qxf7 Rf8 38. Qc4 Qa3 39. d5 Qb2 40. Qc3+ Qxc3 41. Rxc3 Rb8 42. d6 Nf8 43. Rc5 Kg7 44. g4 Kf7 45. Re5 Rb6 46. Re7+ Kf6 47.
f4 Rxd6 48. Rc7 Rb6 49. Rc5 Ne6 50. Rf5+ Kg7 51. Kf2 Nd4 52. Rd5 Nxb5 53. Kg3 Nc3 54. Rd7+ Kg8 55. g5 Ne4+ 56. Kg4 Nf2+ 57. Kg3 Ne4+ 58.
Kf3 Nc5 59. Ra7 Ne6 60. Ra4 Rb3+ 61. Kg4 Rd3 62. Ra8+ Kg7 63. Ra7+ Kg8 64. Ra6 Nxf4 65. Ra8+ Kg7 66. Kxf4 Rxh3 67. Kf5 Rf3+ 68. Kg4 Rf7 69. Ra6 Re7 70. Kh5 Rd7 71. Ra5 Rc7 72. Rb5 Rd7 73. Rc5 Rb7 74. Rc2 Ra7 75. Re2 Rb7 76. Ra2 Rc7 77. Ra5 Rd7 78. Ra6 Re7 79. Rb6 Rd7 80.
Rc6 Rb7 81. Rc5 Ra7 82. Rb5 Rc7 83. Rb2 Rd7 84. Rc2 Re7 85. Rd2 Rc7 86. Rg2 Rb7 87.
Rd2 Ra7 88. Rc2 Rb7 89. Ra2 Rc7 90. Rd2 Rb7 91. Ra2 1/2-1/2

[Event "*** SCC Grand Prix: Titled Tuesday Blitz"]
[Site "Chess.com"]
[Date "2020.07.14"]
[Round "6"]
[White "KingCrusher275"]
[Black "Sergey85Rodchenkov"]
[Result "1/2-1/2"]
[WhiteElo "2374"]
[BlackElo "2517"]
[TimeControl "180+1"]
[EndTime "11:09:21 PDT"]
[Termination "Game drawn by repetition"]

1. d4 Nf6 2. c4 e6 3. Nc3 Bb4 4.
Qc2 c5 5. dxc5 Na6 6. a3 Bxc3+ 7. Qxc3 Nxc5 8. Nf3 O-O 9. e3 b6 10. Be2 Bb7 11. O-O Rc8 12. b4 Nce4 13. Qd4 d5 14. cxd5 Qxd5 15. Bb2 Rfd8 16. Rac1 h6 17. Rxc8 Rxc8 18. Rc1 Rxc1+ 19. Bxc1 Qxd4 20. Nxd4 Nc3 21. Bf1 Nfd5 22. Nb5 Nxb5 23. Bxb5 Nc3 24. Bf1 Bd5 25. Bb2 Ne4 26. Be5 Nd2 27. Ba6 Bc4 28. b5 Nb1 29. a4 Bb3 30. Bb8 Nc3 31. a5 Bc4 32. Bxa7 bxa5 33.
Bb6 a4 34. Bc5 Bxb5 35. Bb7 Nb1 36. Be4 Nd2 37. Bc2 Nb3 38. Bd6 f6 39. f3 Kf7 40.
Bxb3 axb3 41. Ba3 e5 42. Kf2 Ke6 43. Ke1 Kd5 44. g3 h5 45. Kd2 Kc4 46. Bb2 Bc6 47.
f4 Kd5 48. Bc3 Ke4 49. fxe5 fxe5 50. Bb2 Bd5 51. Bc3 Be6 52. Bb2 g5 53. Bc3 h4 54. gxh4 gxh4 55. Bb2 h3 56. Bc3 Kf5 57. Bb2 e4 58. Bc3 Kg4 59. Be5 Kf3 60. Bd6 Kf2 61. Bg3+ Kg2 62. Be5 Bc4 63. Kc1 Bd3 64. Kb2 Bc2 65.
Bf4 Kf3 66. Kc3 Ke2 67. Kb2 Kd1 68. Be5 Kd2 69. Bf4 Kd3 70. Bg5 Kd2 71. Bf4 Ke2 72. Bg5 Kf3 73. Bf4 Kg4 74. Kc3 Bd1 75.
Kb2 Kf3 76. Kc3 Kg2 77. Kb2 Kf1 78. Kc3 Bc2 79. Kb2 Ke1 80. Kc3 Kd1 81. Kb2 Kd2 82.
Bg5 Ke2 83. Bf4 Bd1 84. Bg5 Kd3 85. Bf4 Kc4 86. Bg5 Bg4 87. Bf4 Be6 88. Bg5 Kd3 89.
Bf4 Kd2 90. Bg5 Ke2 91. Bf4 Kf3 92. Bg5 Kg4 93. Bf4 Bd5 94. Kc3 Kf5 95. Kb2 Kg4 96.
Kc3 Kf3 97. Kb2 Ke2 98. Kc3 Ke1 99. Kb2 Kd1 100. Bg5 Kd2 101. Bf4 Be6 102. Bg5 Kd3 103. Bf4 Kc4 104. Bg5 Kd3 1/2-1/2

[Event "*** SCC Grand Prix: Titled Tuesday Blitz"]
[Site "Chess.com"]
[Date "2020.07.14"]
[Round "6"]
[White "Siniauski"]
[Black "jacky72"]
[Result "1-0"]
[WhiteElo "2483"]
[BlackElo "2644"]
[TimeControl "180+1"]
[EndTime "11:09:28 PDT"]
[Termination "Siniauski won by checkmate"]

1. e4 e5 2. Nf3 Nc6 3. Bb5 a6 4. Ba4 d6 5. c3 Bd7 6. O-O g6 7. d4 Bg7 8. h3 Nf6 9. Nbd2 O-O 10. Re1 Re8 11. Bc2 Qe7 12. Nf1 Qf8 13. Ng3 Bh6 14.
Bb3 Rad8 15. Bg5 Bxg5 16. Nxg5 Re7 17. a3 h6 18. Nf3 Rde8 19. Qd3 Qg7 20. Rad1 h5 21.
h4 Bg4 22. Rd2 Bxf3 23. Qxf3 Ng4 24. Red1 Qf6 25. Qxf6 Nxf6 26. f3 Kg7 27. Kf2 Nd7 28. Nf1 Nb6 29. Ne3 Rd8 30. Bd5 exd4 31. cxd4 Nxd5 32.
Nxd5 Red7 33. Ne3 Ne7 34. d5 c5 35. dxc6 bxc6 36. f4 d5 37. exd5 cxd5 38. Rd4 Kf6 39. Kf3 Nf5 40. Rxd5 Nxh4+ 41. Kf2 Rxd5 42. Rxd5 Ra8 43.
Rd6+ Ke7 44. Rb6 a5 45. Rb5 a4 46. g3 Nf5 47. Nxf5+ gxf5 48. Rxf5 Rb8 49. Re5+ Kf6 50. Rxh5 Rxb2+ 51. Kf3 Rb3+ 52. Kg4 Rxa3 53. Rh6+ Kg7 54. Ra6 Kf8 55. Ra7 Kg7 56. Kf5 Ra1 57. g4 a3 58.
g5 Rb1 59. Rxa3 Rb7 60. Ra5 Rc7 61. Re5 Rd7 62. Kg4 Ra7 63. Re4 Ra1 64. Re3 Rg1+ 65. Kf5 Rf1 66. Ra3 Rb1 67. Ra7 Rb5+ 68. Kg4 Kg6 69. Ra6+ Kh7 70. f5 Rb1 71. Ra7 Rg1+ 72. Kf4 Kg8 73. Ke5 Rxg5 74. Kf6 Rg1 75. Ra8+ Kh7 76.
Kxf7 Rb1 77. Re8 Ra1 78. f6 Ra7+ 79. Re7 Ra1 80. Rb7 Ra2 81. Ke7 Kg6 82. f7 Re2+ 83. Kf8 Kh7 84. Rb6 Re1 85. Rb5 Kh6 86. Kg8 Rg1+ 87. Kh8 Rf1 88. Rb7 Rf2 89. Rb6+ Kg5 90. Kg7 Rb2 91. Rxb2 Kh5 92. f8=Q Kh4 93. Qa8 Kh5 94.
Rb7 Kg5 95. Qc8 Kh4 96. Rd7 Kg3 97. Qe8 Kh3 98. Rf7 Kh2 99. Qe6 Kg1 100. Qg6+ Kh1 101. Rf5 Kh2 102. Rh5# 1-0

[Event "*** SCC Grand Prix: Titled Tuesday Blitz"]
[Site "Chess.com"]
[Date "2020.07.14"]
[Round "6"]
[White "antoszu"]
[Black "AryanTari"]
[Result "0-1"]
[WhiteElo "2542"]
[BlackElo "2882"]
[TimeControl "180+1"]
[EndTime "11:09:35 PDT"]
[Termination "AryanTari won by resignation"]

1. d4 Nf6 2. c4 e6 3. Nf3 d5 4. Nc3 Bb4 5. cxd5 exd5 6. Bf4 Ne4 7. Rc1 Nc6 8. e3 g5 9. Bg3 h5 10. h3 Nxg3 11. fxg3 Qe7 12. Qd2 a6 13. Bd3 Be6 14. h4 Bd6 15. Qf2 gxh4 16. gxh4 O-O-O 17. Ng5 Kb8 18.
Kd2 f6 19. Nxe6 Qxe6 20. Qf5 Qxf5 21. Bxf5 Ne7 22. Bd3 Rdg8 23. Rcg1 Rg7 24. Be2 c6 25. g4 Rhg8 26. g5 Nf5 27. Rh3 fxg5 28. hxg5 h4 29. Bd3 Rxg5 30. Rxg5 Rxg5 31. Bxf5 Rxf5 32.
Rxh4 Rf2+ 33. Kc1 Kc7 34. e4 Bf4+ 35. Kb1 dxe4 36. Nxe4 Rf3 37. Nc3 Bd6 38. Rh7+ Kc8 39. Kc2 b5 40. a3 Re3 41. Rh6 Kc7 42. Kd2 Re7 43. Rg6 Bf4+ 44. Kd3 Re3+ 45. Kc2 Re7 46.
Kd3 Bd6 47. Kc2 Re3 48. Kd2 Bf4 49. Kc2 Re7 50. Rf6 Bd6 51. Rg6 Rh7 52. Rg2 Rh6 53. Ne4 Kb6 54. Nxd6 Rxd6 55. Kc3 Rf6 56. Rd2 Rf3+ 57.
Kc2 a5 58. b3 Rf5 59. Kc3 Rf3+ 60. Kc2 Rf5 61. Rd3 Kc7 62. Kc3 Kd6 63. Rh3 Kd5 64.
Kd3 Rg5 65. Rf3 Rh5 66. Rg3 Rf5 67. Rh3 Rf1 68. Rh5+ Kd6 69. Kc3 Rf3+ 70. Kc2 Rf2+ 71.
Kc3 Ra2 72. Rh6+ Kc7 73. Rh7+ Kb6 74. Rh6 Kb7 75. Rh7+ Kb6 76. Rh6 Rxa3 77. d5 a4 78. Rxc6+ Kb7 79. Kc2 Rxb3 80. Rh6 Rf3 81. Rh5 b4 82.
Rh4 b3+ 83. Kb1 Rf1+ 84. Kb2 Rf2+ 85. Kc3 Rc2+ 86. Kd3 Ra2 87. Rb4+ Kc7 88. Kc4 Kd6 89. Rb6+ Kc7 90. Rb4 Ra1 91. Kc5 Rc1+ 92. Kd4 a3 93. Rxb3 a2 0-1

[Event "*** SCC Grand Prix: Titled Tuesday Blitz"]
[Site "Chess.com"]
[Date "2020.07.14"]
[Round "6"]
[White "NormWeinstein"]
[Black "vaishali2001"]
[Result "1/2-1/2"]
[WhiteElo "2459"]
[BlackElo "2605"]
[TimeControl "180+1"]
[EndTime "11:09:42 PDT"]
[Termination "Game drawn - insufficient material"]

1. e4 c5 2. Nf3 Nc6 3. Nc3 d6 4.
d4 cxd4 5. Nxd4 Nf6 6. f4 e5 7. Nf3 Be7 8. Bd3 O-O 9. O-O a6 10. Kh1 b5 11. a3 Bb7 12. fxe5 Nxe5 13. Nxe5 dxe5 14. Bg5 h6 15. Bxf6 Bxf6 16. Qf3 Rc8 17. Rad1 Qb6 18. Nd5 Bxd5 19. exd5 Rfd8 20. Qf5 Qd6 21.
Be4 a5 22. c3 Rc4 23. Rde1 b4 24. cxb4 axb4 25. axb4 Rxb4 26. Re2 Rb6 27. Ref2 Kf8 28. h3 Rdb8 29. Rc2 g6 30. Qf2 Kg7 31. Rc6 Rxc6 32. dxc6 Rc8 33. b3 Qe6 34. b4 Bd8 35. Qd2 Bb6 36.
Bd5 Rd8 37. Bxe6 Rxd2 38. Rxf7+ Kh8 39. Rf1 Rc2 40. Bd5 h5 41. Be4 Rc4 42. Bxg6 Rxc6 43. Bxh5 e4 44. Bg4 e3 45. b5 Rc5 46. Rb1 Rc2 47. Bf3 e2 48. Re1 Ba5 49. Rxe2 Rc1+ 50. Kh2 Rb1 51. Bc6 Bc7+ 52. g3 Kg7 53. Kg2 Rb3 54.
Re7+ Kf6 55. Rxc7 Rb2+ 56. Kf3 Rc2 57. Kg4 Rc3 58. Kh5 Rxg3 59. h4 Kf5 60. Rf7+ Ke6 61. Rh7 Rg8 62. b6 Kd6 63. Bf3 Kc5 64. Bg4 Kxb6 65.
Rh6+ Kc5 66. Rf6 Kd5 67. Rf5+ Ke6 68. Rf2+ Ke7 69. Kh6 Rxg4 70. h5 Ke6 71. Re2+ Kf7 72. Rf2+ Kg8 73. Ra2 Rf4 74. Ra6 Rf8 75. Kg6 Kh8 76. h6 Rg8+ 77. Kh5 Rc8 78. Rf6 Rc5+ 79. Kg6 Rc8 80. Re6 Rd8 81. Kh5 Ra8 82. Kg6 Rb8 83.
Rf6 Rc8 84. Kg5 Rg8+ 85. Kh5 Rb8 86. Rg6 Rb1 87. Rg5 Rb6 88. Rf5 Rb8 89. Rf7 Rc8 90.
Kg6 Rg8+ 91. Kf6 Ra8 92. Re7 Ra6+ 93. Kf7 Rxh6 94. Re8+ Kh7 95. Re7 Rh1 96. Re6 Rf1+ 97. Rf6 Rxf6+ 98. Kxf6 1/2-1/2

[Event "*** SCC Grand Prix: Titled Tuesday Blitz"]
[Site "Chess.com"]
[Date "2020.07.14"]
[Round "6"]
[White "Brave_spirit12"]
[Black "Witik"]
[Result "0-1"]
[WhiteElo "2500"]
[BlackElo "2675"]
[TimeControl "180+1"]
[EndTime "11:09:47 PDT"]
[Termination "Witik won by checkmate"]

1. e4 c6 2. Nc3 d5 3. Nf3 dxe4 4. Nxe4 Nf6 5. Ng3 c5 6. c3 Nc6 7. d4 cxd4 8. cxd4 g6 9. Bd3 Bg7 10. O-O O-O 11. Be3 Nb4 12. Be2 b6 13. a3 Nbd5 14.
Ne5 Bb7 15. Bf3 e6 16. Rc1 h5 17. h4 Rc8 18. Bg5 Qd6 19. Qa4 a6 20. Nc4 Qb8 21.
Ne5 b5 22. Qa5 Rxc1 23. Rxc1 Rc8 24. Qd2 Nb6 25. Bxb7 Qxb7 26. Rxc8+ Qxc8 27. Qf4 Nbd5 28. Qf3 Qc2 29. b4 Qc7 30. Ne2 Ne8 31. Nd3 Nd6 32. Nc5 Nf5 33. g3 Nxd4 34. Nxd4 Bxd4 35. Nxa6 Qc2 36. Nb8 Kg7 37. Nd7 f6 38. Bf4 Qc6 39.
Nb8 Qb7 40. Qd3 e5 41. Be3 Qxb8 42. Bxd4 exd4 43. Qxd4 Qe5 44. Qa7+ Kh6 45. Qa8 Kg7 46.
Qb7+ Ne7 47. Qa7 Kf7 48. a4 bxa4 49. Qxa4 Nd5 50. Qd7+ Ne7 51. b5 Qe1+ 52. Kg2 Qe4+ 53. Kg1 Qd5 54. Qc7 Qd1+ 55. Kg2 Qd5+ 56. Kg1 Ke6 57.
Qf4 Qxb5 58. Qe3+ Qe5 59. Qb3+ Qd5 60. Qb6+ Kf7 61. Qe3 Qe6 62. Qh6 Nf5 63. Qh7+ Ng7 64. Qh8 Qe1+ 65. Kg2 Qe4+ 66. Kg1 Qe8 67. Qh6 Qe1+ 68.
Kg2 Qe4+ 69. Kg1 Qf3 70. Qd2 Qe4 71. Qd7+ Qe7 72. Qd5+ Ne6 73. Qd2 Kg7 74. Kg2 Nc5 75. Kg1 Ne4 76. Qe3 Qe5 77. Kg2 Nd6 78. Qa7+ Nf7 79.
Qb7 g5 80. hxg5 fxg5 81. Kg1 g4 82. Qb1 Ng5 83. Qb7+ Kg6 84. Qc6+ Qe6 85. Qc2+ Kh6 86. Qd2 Kg6 87. Qc2+ Ne4 88. Qd3 Kf5 89. Qe3 Ng5 90. Qf4+ Kg6 91. Kg2 Nf3 92. Qa4 Qe1 93. Qf4 Qg1# 0-1